 Dungeon Crawl Stone Soup version 0.22-a0-301-gf0fe05c (webtiles) character file.

228 torrenera the Sneak (level 6, 0/28 HPs)
             Began as a Vine Stalker Enchanter on Mar 26, 2018.
             Slain by Nico3ck's ghost (10 damage)
             ... on level 4 of the Dungeon.
             The game lasted 00:06:56 (2908 turns).

torrenera the Sneak (Vine Stalker Enchanter)        Turns: 2908, Time: 00:06:56

Health: 0/28       AC:  4    Str: 10    XL:     6   Next: 2%
Magic:  0/10       EV: 12    Int: 15    God:
Gold:   140        SH:  0    Dex: 17    Spells: 3/9 levels left

rFire    . . .     SeeInvis .   n - +6 dagger (flame)
rCold    . . .     Gourm    .   (no shield)
rNeg     . . .     Faith    .   g - +0 leather armour
rPois    .         Spirit   +   (no helmet)
rElec    .         Reflect  .   (no cloak)
rCorr    .         Harm     .   (no gloves)
MR       .....                  b - +0 pair of boots
Stlth    +++.......             (no amulet)
HPRegen  0.49/turn              (no ring)
MPRegen  0.12/turn              (no ring)

@: no status effects
A: fangs 2, regeneration 1, magic shield, antimagic bite, no potion heal 3, rot
immunity
a: no special abilities


You were on level 4 of the Dungeon.
You were not hungry.

You visited 1 branch of the dungeon, and saw 4 of its levels.

You collected 140 gold pieces.

Inventory:

Hand Weapons
 a - a +2 short sword of protection
 n - a +6 dagger of flaming (weapon)
Missiles
 k - 67 stones (quivered)
Armour
 b - a +0 pair of boots (worn)
 g - a +0 leather armour (worn)
Wands
 j - a wand of iceblast (3)
Scrolls
 c - a scroll of immolation {unknown}
 f - a scroll of remove curse {unknown}
 i - 5 scrolls of identify {unknown}
 l - a scroll of noise {unknown}
 o - a scroll of enchant armour {unknown}
 p - a scroll of enchant weapon {unknown}
 s - a scroll of teleportation {unknown}
Potions
 e - 2 potions of flight {unknown}
 h - a potion of agility {unknown}
 m - a potion of heal wounds {unknown}
 r - a potion of lignification {unknown}
Comestibles
 d - 4 rations


   Skills:
 * Level 2.8 Short Blades
 - Level 1.5 Dodging
 + Level 6.3 Stealth
 - Level 2.1 Spellcasting
 + Level 4.0 Hexes


You had 3 spell levels left.
You knew the following spells:

 Your Spells              Type           Power        Failure   Level  Hunger
a - Corona                Hex            ##.....      5%          1    #......
b - Ensorcelled Hibernat  Hex/Ice        #.....       19%         2    ###....
c - Confuse               Hex            ##......     17%         3    ###....


Dungeon Overview and Level Annotations

Branches:
Dungeon (4/15)
 Temple: D:4-7

Altars:
Fedhas
Qazlal

Annotations:
D:3 exclusion: oklob plant
D:4 Nico3ck's ghost, amateur DsGl


Innate Abilities, Weirdness & Mutations

You have extremely sharp teeth.
Your natural rate of healing is unusually fast.
When hurt, damage is shared between your health and your magic reserves.
Your bite disrupts and absorbs the magic of your enemies.
Potions cannot restore your health.
You are immune to rotting.


Message History

Nico3ck's ghost closely misses you.
You hit Nico3ck's ghost. You burn Nico3ck's ghost.
Nico3ck's ghost is heavily damaged.
You completely miss Nico3ck's ghost. Your bite misses Nico3ck's ghost.
Nico3ck's ghost is heavily damaged.
Nico3ck's ghost misses you.
All of the chunks of flesh in your inventory have rotted away.
You puncture Nico3ck's ghost! You burn Nico3ck's ghost.
Nico3ck's ghost is severely damaged.
Nico3ck's ghost hits you.
You hit Nico3ck's ghost but do no damage.
You bite Nico3ck's ghost, but do no damage.
Nico3ck's ghost is severely damaged.
Nico3ck's ghost hits you!
You hit Nico3ck's ghost but do no damage.
Nico3ck's ghost is severely damaged.
Nico3ck's ghost hits you!
There is a stone staircase leading up here.
Nico3ck's ghost hits you!
You die...

#########
#...$.#..
#$....#.#
#.....#.#
##.....#@######
(......W........
................
################


You could see Nico3ck's ghost.

Vanquished Creatures
  A water moccasin (D:3)
  4 adders
  2 worms (D:3)
  2 dart slugs
  4 leopard geckos
  5 orcs (D:3)
  3 ball pythons
  7 giant cockroaches
  10 goblins
  7 hobgoblins
  3 quokkas
  8 bats
  2 frilled lizards
  5 kobolds
  2 rats
65 creatures vanquished.

Notes
Turn   | Place    | Note
-------+----------+-------------------------------------------
     0 | D:1      | torrenera the Vine Stalker Enchanter began the quest for the Orb.
     0 | D:1      | Reached XP level 1. HP: 9/9 MP: 4/4
    74 | D:1      | Reached skill level 1 in Short Blades
   184 | D:1      | Reached XP level 2. HP: 13/13 MP: 1/6
   192 | D:1      | Learned a level 2 spell: Ensorcelled Hibernation
   262 | D:1      | Reached skill level 4 in Stealth
   905 | D:2      | Reached XP level 3. HP: 16/16 MP: 5/7
  1570 | D:2      | Found a stormy altar of Qazlal.
  1716 | D:2      | Learned a level 3 spell: Confuse
  1724 | D:2      | Gained mutation: Your natural rate of healing is unusually fast. [Vine Stalker growth]
  1724 | D:2      | Reached XP level 4. HP: 21/21 MP: 8/8
  1880 | D:3      | Reached skill level 5 in Stealth
  2162 | D:3      | Found a blossoming altar of Fedhas.
  2175 | D:3      | Noticed an oklob plant
  2258 | D:3      | Reached XP level 5. HP: 24/24 MP: 9/9
  2498 | D:3      | Noticed a water moccasin
  2506 | D:3      | Killed a water moccasin
  2506 | D:3      | Reached skill level 6 in Stealth
  2506 | D:3      | Reached XP level 6. HP: 20/28 MP: 3/10
  2821 | D:4      | Noticed a black bear
  2894 | D:4      | Noticed Nico3ck's ghost (amateur DsGl)
  2908 | D:4      | Slain by Nico3ck's ghost

Vault maps used:
D:1:      dpeg_arrival_oval
D:2:      nicolae_qazlal_general_emergency
D:3:      tgw_fedhas
D:4:      cheibrodos_old_hovel, minmay_temple_entry_crystal_x,
          portal_sewer_entry_a, grunt_ministairs_8

Skill      XL: |  1  2  3  4  5 |
---------------+----------------+-----
Short Blades   | 1 2 |  2.8
Stealth        | 4 5 6 |  6.3
Hexes          | 4 |  4.0
Dodging        | |  1.5
Spellcasting   | |  2.1

Action                   |  1- 3 |  4- 6 || total
-------------------------+-------+-------++-------
Melee: Dagger            |    81 |    41 ||   122
       Bite              |    12 |     4 ||    16
Throw: Stone             |     7 |       ||     7
 Cast: Corona            |     7 |       ||     7
       Ensorcelled Hiber |    14 |    10 ||    24
 Stab: Sleeping          |    11 |    19 ||    30
  Eat: Chunk             |     4 |     4 ||     8
Armor: Robe              |     1 |       ||     1
       Leather armour    |    33 |     7 ||    40
Dodge: Dodged            |    44 |    13 ||    57

Table legend:
 A = Spawn XP
 B = Non-spawn XP
 C = Spawn XP percentage of total XP
 D = Spawn monster count
 E = Non-spawn monster count
 F = Spawn count percentage of total count
 G = Total turns spent on level
                    A         B        C        D         E        F      G
               +---------+---------+-------+---------+---------+-------+---------
         Total |       0 |     326 |   0.0 |       0 |      65 |   0.0 |  2908
               +---------+---------+-------+---------+---------+-------+---------
           D:1 |       0 |      28 |   0.0 |       0 |      15 |   0.0 |   904
           D:2 |       0 |      69 |   0.0 |       0 |      24 |   0.0 |   932
           D:3 |       0 |     229 |   0.0 |       0 |      26 |   0.0 |  1000
               +---------+---------+-------+---------+---------+-------+---------
